 Dungeon Crawl Stone Soup version 0.31-a0-728-g01b46875f1 (webtiles) character file.

Game seed: 11612644320232087220

34 cforsyth the Trooper (level 3, -4/30 HPs)
             Began as a Djinni Chaos Knight on Sept 12, 2023.
             Was a Plaything of Xom.
             Slain by a goblin
             ... wielding a +0 dagger
             ... led by Robin
              (5 damage)
             ... on level 2 of the Dungeon.
             The game lasted 00:00:53 (1047 turns).

cforsyth the Trooper (Djinni Chaos Knight)          Turns: 1047, Time: 00:00:53

Health: -4/30      AC:  5    Str: 11    XL:     3   Next: 50%
Gold:   103        EV: 11    Int: 15    God:    Xom [..*...] SH:  0 Dex: 12

rFire   + + .        a - +0 falchion (chaos)
rCold   x . .        (no shield)
rNeg    . . .        b - +2 leather armour
rPois   ∞            (no helmet)
rElec   .            (no cloak)
rCorr   .            (no gloves)
SInv    .            (boots unavailable)
Will    .....        (no amulet)
Stlth   +            (no ring)
HPRegen 0.25/turn    (no ring)
MPRegen 0.00/turn

%: infuse magic (-5 HP)
@: flying
A: sickness immunity, fire resistance 2, cold vulnerability 1, float, innate
caster, HP casting, extra vitality 1
a: Renounce Religion


You were on level 2 of the Dungeon.
You worshipped Xom.
You were a toy of Xom.
You visited 1 branch of the dungeon, and saw 2 of its levels.

You collected 103 gold pieces.

Inventory:

Hand Weapons
 a - a +0 falchion of chaos (weapon)
Armour
 b - a +2 leather armour (worn)
Scrolls
 c - a scroll of butterflies
 d - a scroll of vulnerability {unknown}
 e - 2 scrolls of identify {unknown}
 f - a scroll of immolation {unknown}
 g - a scroll of enchant armour {unknown}
 i - a scroll of revelation {unknown}
Potions
 h - a potion of enlightenment {unknown}
 j - a potion of invisibility {unknown}


   Skills:
 + Level 3.6 Fighting
 - Level 2.6 Long Blades
 - Level 1.0 Armour
 - Level 2.1 Dodging
 + Level 1.2 Spellcasting
 + Level 1.2 Conjurations
 + Level 1.2 Hexes
   Level 0.0 Charms
 + Level 1.2 Summonings
 + Level 1.2 Necromancy
 + Level 1.2 Translocations
 + Level 1.2 Transmutations
 + Level 1.2 Fire Magic
 + Level 1.2 Ice Magic
 + Level 1.2 Air Magic
 + Level 1.2 Earth Magic
 + Level 1.2 Poison Magic


You knew the following spells:

 Your Spells              Type           Power      Damage    Failure   Level
a - Slow                  Hex            16%        N/A       19%         1
Your spell library was empty.

Dungeon Overview and Level Annotations

Branches:
Dungeon (2/15)

Altars:

Shops:
D:1 :

Annotations:
D:2 Robin


Innate Abilities, Weirdness & Mutations

You are immune to sickness and miasma.
You are immune to poison.
Your flesh is very heat resistant. (rF++)
You are vulnerable to cold. (rC-)
You float through the air rather than walking.
You learn spells naturally, not from books.
Your magical power is your life essence.
You have superior vitality. (+4 MHP)


Message History

A goblin comes into view. It is wielding a +0 dagger.
The goblin shouts!
You hit the goblin.
You kill the goblin!
A goblin comes into view. It is wielding a +0 club.
The goblin shouts!
You hear a shout!
Robin of the Strong Arm comes into view.
They are wielding a +0 mace.
Things that are here:
a +0 club; a goblin corpse You hit the goblin.
You drain the goblin.
You kill the goblin!
The hobgoblin hits you.
A goblin comes into view. It is wielding a +0 club.
You closely miss the hobgoblin. The hobgoblin barely misses you.
Robin throws the goblin at you!
You closely miss the hobgoblin. The goblin closely misses you.
A goblin comes into view. It is wielding a +0 dagger.
The hobgoblin hits you but does no damage.
Robin roars a battlecry!
The goblins go into a battle-frenzy!
You hit the hobgoblin but do no damage. The goblin closely misses you.
The hobgoblin hits you.
A hobgoblin comes into view.
Robin says, "Feeling lonely?"
Robin throws the goblin at you!
You hit the hobgoblin.
The hobgoblin seems to speed up.
The hobgoblin is moderately wounded.
The hobgoblin hits you. The goblin hits you with a +0 club.
The goblin hits you with a +0 dagger. The hobgoblin hits you.
You are too injured to fight recklessly!
You are too injured to fight recklessly!
You barely miss the goblin. The hobgoblin closely misses you.
The goblin hits you with a +0 club.
* * * LOW HITPOINT WARNING * * *
The goblin barely misses you. The hobgoblin hits you.
* * * LOW HITPOINT WARNING * * *
You barely miss the goblin. The goblin barely misses you.
The goblin hits you with a +0 dagger.
You die...
Xom titters!

### ..# #.# #.#
#####.###
.#.#.###g......#
...gggg@g###.#.#
##.#g##### #.#.#
..#.# .###)# #.
#.# # #.# ##.###
#.#..# ##.#.#


You could see Robin, 2 hobgoblins and 4 goblins.

Vanquished Creatures
  A dart slug (D:1)
  3 ball pythons (D:1)
  2 endoplasms
  6 goblins
  4 hobgoblins
  5 quokkas
  A frilled lizard (D:2)
  3 kobolds
  A rat (D:1)
26 creatures vanquished.

Notes
Turn   | Place    | Note
-------+----------+-------------------------------------------
     0 | D:1      | cforsyth the Djinni Chaos Knight began the quest for the
                  | Orb.
     0 | D:1      | Reached XP level 1. HP: 20/20 MP: 0/0
    70 | D:1      | Found Qyinnegg's Book Emporium.
   264 | D:1      | Reached XP level 2. HP: 21/25 MP: 0/0
   478 | D:1      | Reached skill level 1 in Spellcasting
   478 | D:1      | Reached skill level 1 in Conjurations
   478 | D:1      | Reached skill level 1 in Hexes
   478 | D:1      | Reached skill level 1 in Summonings
   478 | D:1      | Reached skill level 1 in Necromancy
   478 | D:1      | Reached skill level 1 in Translocations
   478 | D:1      | Reached skill level 1 in Transmutations
   478 | D:1      | Reached skill level 1 in Fire Magic
   478 | D:1      | Reached skill level 1 in Ice Magic
   478 | D:1      | Reached skill level 1 in Air Magic
   478 | D:1      | Reached skill level 1 in Earth Magic
   478 | D:1      | Reached skill level 1 in Poison Magic
   514 | D:1      | Reached XP level 3. HP: 29/30 MP: 0/0
   514 | D:1      | Learned a level 1 spell: Slow
  1040 | D:2      | Noticed Robin
  1046 | D:2      | HP: 1/30 [hobgoblin[Robin] (6)]
  1047 | D:2      | Slain by a goblin

Illustrated notes

Levels and vault maps discovered:
D:1:      dpeg_arrival_houses_and_road, layout_basic, serial_shops,
          nicolae_shop_window_shopping, minmay_cupped
D:2:      kennysheep_big_flooded_room, layout_loops_ring,
          ebering_ecumenical_altar_ruins, minmay_split_cup_large, uniq_sigmund,
          uniq_robin

Skill      XL: |  1  2 |
---------------+-------+-----
Spellcasting   | 1 |  1.2
Conjurations   | 1 |  1.2
Hexes          | 1 |  1.2
Summonings     | 1 |  1.2
Necromancy     | 1 |  1.2
Translocations | 1 |  1.2
Transmutations | 1 |  1.2
Fire Magic     | 1 |  1.2
Ice Magic      | 1 |  1.2
Air Magic      | 1 |  1.2
Earth Magic    | 1 |  1.2
Poison Magic   | 1 |  1.2
Fighting       | |  3.6
Long Blades    | |  2.6
Armour         | |  1.0
Dodging        | |  2.1

Action                     || total
---------------------------++-------
  Melee: Falchion          ||    82
         Punch             ||     2
   Cast: Slow              ||     8
   Stab: Sleeping          ||     2
 Armour: Leather armour    ||    46
  Dodge: Dodged            ||    50

Table legend: (Time is in decaauts)
 A = Elapsed time spent in this place.
 B = Non-inter-level travel time spent in this place.
 C = Inter-level travel time spent in this place.
 D = Time resting spent in this place.
 E = Time spent auto-exploring this place.
 F = Levels seen in this place.
 G = Mean time per level.
                   A        B        C        D        E       F      G
               +--------+--------+--------+--------+--------+-----+--------+
         Total |   1061 |   1053 |      8 |      0 |    876 |   2 |  530.5 |
       Dungeon |   1061 |   1053 |      8 |      0 |    876 |   2 |  530.5 |
               +--------+--------+--------+--------+--------+-----+--------+

Top non-repeatable levels by time:
     D:1: 921 daAuts
     D:2: 139 daAuts
